 Dungeon Crawl Stone Soup version 0.30-b1-2-g02819fbbbe (webtiles) character file.

Game seed: 16755327093098093232

82777 raph the Scorcher (level 15, -1/84 HPs)
             Began as a Deep Elf Fire Elementalist on Aug 26, 2023.
             Was an Initiate of Gozag.
             Slain by an ice dragon (3 damage)
             ... summoned by an orange crystal statue
             ... in an ice cave on Aug 27, 2023.
             The game lasted 00:58:05 (37897 turns).

raph the Scorcher (Deep Elf Fire Elementalist)     Turns: 37897, Time: 00:58:05

Health: -1/84      AC: 18    Str:  7      XL:     15   Next: 30%
Magic:  12/35      EV: 16    Int: 32 (37) God:    Gozag
Gold:   5536       SH:  5    Dex: 15      Spells: 9/43 levels left

rFire   . . .        a - staff of fire
rCold   + . .        e - +0 buckler
rNeg    + . .        F - +3 steam dragon scales
rPois   +            r - +4 helmet of Ongauq {rPois Str-4 Int+6}
rElec   .            I - +0 cloak
rCorr   .            l - +1 pair of gloves
SInv    .            h - +1 pair of boots
Will    +....        J - amulet of regeneration
Stlth   ++           R - ring "Syir" {Ice rN+ Int+3}
HPRegen 1.14/turn    H - +6 ring of strength
MPRegen 0.24/turn

%: no passive effects
@: no status effects
A: no striking features
a: Renounce Religion, Potion Petition, Call Merchant, Bribe Branch


You were in an ice cave.
You worshipped Gozag.
Gozag was greatly pleased with you.
You visited 3 branches of the dungeon, and saw 21 of its levels.
You also visited: Ice Cave.

You collected 7756 gold pieces.
You spent 2196 gold pieces at shops.
You paid 24 gold pieces to Gozag.

Inventory:

Missiles
 c - 2 throwing nets
 j - 51 poisoned darts
 Y - 3 curare-tipped darts
Armour
 e - a +0 buckler (worn)
 h - a +1 pair of boots (worn)
 l - a +1 pair of gloves (worn)
 r - the +4 helmet of Ongauq (worn) {rPois Str-4 Int+6}
   (You found it on level 3 of the Dungeon)

   Str:       It affects your strength (-4).
   Int:       It affects your intelligence (+6).
   rPois:     It protects you from poison.
 F - +3 steam dragon scales (worn)
 I - a +0 cloak (worn)
Magical Staves
 a - a staff of fire (weapon)
Jewellery
 D - a +5 ring of evasion
 G - an amulet of the acrobat
 H - a +6 ring of strength (right hand)
 J - an amulet of regeneration (around neck)
 M - a +6 ring of intelligence
 P - a ring of wizardry
 Q - a +6 ring of dexterity
 R - the ring "Syir" (left hand) {Ice rN+ Int+3}
   (You bought it in a shop on level 1 of the Orcish Mines)

   [ring of ice]

   It enhances your ice magic.
   Int:       It affects your intelligence (+3).
   rF:        It makes you vulnerable to fire.
   rC:        It protects you from cold.
   rN:        It protects you from negative energy.
 V - a ring of magical power
Wands
 f - a wand of charming (19)
 A - a wand of iceblast (6)
 B - a wand of flame (40)
 C - a wand of light (12)
 E - a wand of polymorph (10)
 K - a wand of mindburst (9)
Scrolls
 b - 4 scrolls of fear
 d - 5 scrolls of fog
 n - 5 scrolls of immolation
 u - 10 scrolls of teleportation
 w - 4 scrolls of poison
 y - a scroll of magic mapping
 z - a scroll of amnesia
 N - 3 scrolls of identify
 S - 4 scrolls of enchant weapon
 U - 2 scrolls of blinking
 W - a scroll of summoning
Potions
 g - 2 potions of mutation
 i - 3 potions of resistance
 k - 4 potions of haste
 m - 3 potions of heal wounds
 o - 5 potions of might
 p - a potion of brilliance
 q - a potion of invisibility
 s - 2 potions of cancellation
 t - 6 potions of attraction
 v - 6 potions of lignification
 x - a potion of curing
 L - a potion of flight
 O - 3 potions of berserk rage
 X - a potion of ambrosia
Miscellaneous
 T - a phantom mirror
 Z - a condenser vane


   Skills:
 - Level 6.2 Fighting
 - Level 2.7 Staves
 - Level 9.4 Dodging
 - Level 2.4 Stealth
 - Level 3.7 Shields
 + Level 14.7 Spellcasting
 - Level 12.9 Conjurations
 - Level 3.8 Hexes
 - Level 3.4 Necromancy
 + Level 20.0 Fire Magic
 - Level 3.2 Evocations


You had 9 spell levels left.
You knew the following spells:

 Your Spells              Type           Power      Damage    Failure   Level
a - Foxfire               Conj/Fire      100%       2x1d9     0%          1
b - Scorch                Fire           100%       2d9       0%          2
c - Inner Flame           Hex/Fire       99%        N/A       1%          3
d - Ignition              Fire           61%        3d17      5%          8
e - Flame Wave            Conj/Fire      100%       2d21      1%          4
f - Magic Dart            Conj           100%       1d8       0%          1
g - Mephitic Cloud        Conj/Pois/Air  50%        N/A       1%          3
h - Irradiate             Conj/Tmut      29%        3d21      6%          5
i - Ignite Poison         Fire/Tmut/Pois 79%        N/A       1%          3
j - Anguish               Hex/Necr       23%        N/A       7%          4

Your spell library contained the following spells:

 Spells                   Type           Power      Damage    Failure   Level
 Necrotise                Necr           100%       1d9       1%          1
 Ensorcelled Hibernation  Hex/Ice        100%       N/A       1%          2
 Static Discharge         Conj/Air       100%       2-7/arc   1%          2
 Volatile Blastmotes      Fire/Tloc      100%       2d18      1%          3
 Sticky Flame             Conj/Fire      100%       2d11      1%          4
 Apportation              Tloc           46%        N/A       3%          1
 Summon Small Mammal      Summ           92%        N/A       3%          1
 Call Imp                 Summ           46%        N/A       4%          2
 Passwall                 Tmut/Erth      19%        N/A       4%          2
 Gell's Gravitas          Tloc           23%        N/A       9%          3
 Spider Form              Tmut/Pois      23%        N/A       9%          3
 Swiftness                Air            23%        N/A       9%          3
 Teleport Other           Tloc           23%        N/A       9%          3
 Airstrike                Air            11%        2d(2-18)  28%         4
 Petrify                  Tmut/Erth      23%        N/A       28%         4
 Summon Lightning Spire   Summ/Air       23%        N/A       28%         4
 Metabolic Englaciation   Hex/Ice        26%        N/A       36%         5
 Borgnjor's Vile Clutch   Necr/Erth      17%        N/A       38%         5
 Alistair's Intoxication  Tmut/Pois      15%        N/A       63%         5
 Blade Hands              Tmut           11%        N/A       63%         5
 Dispersal                Tloc           11%        N/A       99%         6
 Eringya's Noxious Bog    Tmut/Pois      11%        N/A       99%         6
 Statue Form              Tmut/Erth      15%        N/A       99%         6
 Summon Cactus Giant      Summ           11%        N/A       99%         6
 Enfeeble                 Hex            23%        N/A       99%         7
 Dragon Form              Tmut           11%        N/A       100%        7
 Haunt                    Necr/Summ      17%        N/A       100%        7
 Infestation              Necr           22%        N/A       100%        8
 Animate Dead             Necr           Unusable   N/A       N/A         4

Dungeon Overview and Level Annotations

Branches:
Dungeon (14/15)            Temple (0/1) D:6            Lair (5/5) D:9
 Shoals (0/4) Lair:2        Snake (0/4) Lair:3        Slime (0/5) Lair:5
    Orc (2/2) D:9             Elf (0/3) Orc:2        Vaults (0/5) D:13
  IceCv (1/1)

Altars:
Dithmenos
Elyvilon
Fedhas
Gozag
Kikubaaqudgha
Nemelex Xobeh
Okawaru
Ru
Uskayaw
Vehumet
Wu Jian
Xom

Shops:
D:3 !=((   D:5 (   Orc:1 *(   Orc:2 (=*[

Annotations:
D:4 1 runed translucent door, Farlane's ghost, amateur HOMo
Lair:3 1 exclusion
Lair:4 exclusion: oklob plant IceCv exclusion: orange crystal statue


Message History

You resist.
The golden dragon simulacrum claws you but does no damage.
The golden dragon simulacrum tramples you but does no damage.
The ice dragon breathes frost at you. The blast of cold hits you! You resist.
The blast of cold hits the golden dragon simulacrum.
The golden dragon simulacrum completely resists.
The ice dragon breathes frost at you. The blast of cold hits you! You resist.
* * * LOW HITPOINT WARNING * * *
A wave of flame ripples out!
The flame wave engulfs the ice dragon simulacrum!!!
The ice dragon simulacrum melts!
The ice dragon simulacrum vaporises!
You hear a sizzling sound!
The flame wave engulfs the golden dragon simulacrum!
The golden dragon simulacrum melts!
The golden dragon simulacrum is severely damaged.
The flame wave engulfs the ice dragon!!
The ice dragon is burned terribly!
The ice dragon is moderately wounded.
The flame wave engulfs the ice dragon!!!
The ice dragon is burned terribly!
The ice dragon is severely wounded.
The flame wave engulfs the orange crystal statue.
The orange crystal statue resists.
The orange crystal statue is moderately damaged.
The golden dragon simulacrum closely misses you.
The golden dragon simulacrum claws you.
* * * LOW HITPOINT WARNING * * *
The golden dragon simulacrum freezes you!
You resist.
* * * LOW HITPOINT WARNING * * *
The golden dragon simulacrum barely misses you.
The ice dragon closely misses you. The ice dragon claws you.
* * * LOW HITPOINT WARNING * * *
The ice dragon misses you.
The ice dragon bites you but does no damage.
The ice dragon claws you.
You die...
Your body crumbles into a pile of gold.

#.## ##....# ...###
###..$.....##
.#...####...........##
####..#..............##
###................#
#.................#
###..............#
#.........D...#
###......Z@D.#
##.#....#8## #
####..#### ## #..## .#
#####..## .#
###.####..# ##
###.....#...#
.#####...#.#....##
##.#...#####...##


You could see 2 ice dragons, an orange crystal statue and a golden dragon
simulacrum (summoned).

Vanquished Creatures
  Gastronok (Lair:1)
  An orc warlord (Orc:1)
  Nessos (D:14)
  Snorg (Lair:4)
  Fannar (Orc:1)
  Josephine (D:10)
  3 ice dragons (IceCv)
  6 vault guards (D:13)
  A hydra (Lair:4)
  3 boulder beetles
  3 centaur warriors
  7 two-headed ogres
  3 orc high priests (Orc:2)
  7 death yaks
  Sonja (D:13)
  4 orc knights (Orc:2)
  2 orc sorcerers
  A salamander (Lair:3)
  5 cyclopes
  2 manticores
  15 elephants
  2 merfolk sirens (Lair:2)
  A torpor snail (Lair:4)
  Joseph (D:9)
  7 black mambas
  2 gargoyles
  Maggie (D:7)
  2 storm dragon simulacra (IceCv)
  9 cane toads
  4 komodo dragons
  2 unseen horrors
  A rime drake (Lair:5)
  9 trolls
  4 golden dragon simulacra (IceCv)
  2 merfolk (Lair:2)
  A queen bee (D:13)
  3 polar bears (Lair:5)
  Prince Ribbit (D:8)
  3 meliai (D:13)
  3 blink frogs (Lair:5)
  6 hornets
  10 dream sheep
  15 slime creatures
  7 shadows
  46 yaks
  A vampire (D:11)
  12 spriggans (Lair:5)
  6 wraiths
  A basilisk (Lair:5)
  3 wyverns
  Grum (D:9)
  6 humans (D:13)
  A steam dragon (D:9)
  4 wargs
  A two-headed ogre zombie (D:9)
  3 acid dragons
  5 water moccasins
  A hell hound (Lair:1)
  31 orc warriors
  2 sky beasts
  An ice beast (D:5)
  5 black bears
  6 ogres
  5 ice dragon simulacra (IceCv)
  4 boggarts (Lair:5)
  26 wolves
  11 centaurs
  6 kobold brigands
  6 scorpions
  5 bullfrogs
  2 gnoll sergeants
  12 wights
  3 troll zombies (D:9)
  13 killer bees
  5 lindwurm simulacra (IceCv)
  An electric eel (D:6)
  9 howler monkeys
  3 hounds
  13 jellies
  11 orc priests
  A gnoll bouda (Orc:2)
  5 iguanas
  Terence (D:3)
  3 sleepcaps
  Ijyb (D:3)
  17 orc wizards
  4 ogre zombies (D:9)
  30 gnolls
  9 adders
  A shadow imp (D:7)
  2 white imps
  An ufetubus (D:5)
  A worm (D:3)
  68 orcs
  3 ball pythons
  6 endoplasms
  4 giant cockroaches
  3 goblins
  10 hobgoblins
  3 jackals (D:4)
  49 kobolds
  3 quokkas
  6 bats
  3 frilled lizards
  2 goblin skeletons (D:9)
  3 goblin zombies (D:9)
  A hobgoblin skeleton (D:9)
  A hobgoblin zombie (D:9)
  An orc skeleton (D:9)
  17 orc zombies (D:9)
  9 rats
  2 butterflies (D:3)
706 creatures vanquished.

Vanquished Creatures (collateral kills)
  A hell hound (Lair:1)
  11 foxfires
12 creatures vanquished.

Vanquished Creatures (others)
  A boulder beetle (D:12)
  A bush (Lair:5)
  1586 foxfires
  50 fungi
  65 plants
1703 creatures vanquished.

Grand Total: 2421 creatures vanquished

Notes
Turn   | Place    | Note
-------+----------+-------------------------------------------
     0 | D:1      | raph the Deep Elf Fire Elementalist began the quest for the
                  | Orb.
     0 | D:1      | Reached XP level 1. HP: 10/10 MP: 6/6
   375 | D:1      | Reached XP level 2. HP: 15/15 MP: 5/8
   378 | D:1      | Learned a level 2 spell: Scorch
  1207 | D:2      | Reached skill level 4 in Fire Magic
  1207 | D:2      | Reached XP level 3. HP: 19/19 MP: 1/9
  1488 | D:2      | Learned a level 3 spell: Inner Flame
  1499 | D:2      | Found a faded altar of an unknown god.
  1655 | D:2      | Reached skill level 1 in Shields
  1896 | D:2      | Learned a level 3 spell: Volatile Blastmotes
  1914 | D:3      | Reached XP level 4. HP: 22/24 MP: 7/11
  2048 | D:3      | Noticed Ijyb
  2217 | D:3      | Noticed a scorpion
  2225 | D:3      | Killed a scorpion
  2226 | D:3      | Reached skill level 5 in Fire Magic
  2226 | D:3      | Reached XP level 5. HP: 21/28 MP: 1/13
  2352 | D:3      | Noticed Terence
  2361 | D:3      | Killed Terence
  2774 | D:3      | Found Wiocros's Distillery.
  2988 | D:3      | Identified the +4 helmet of Ongauq {rPois Str-4 Int+6}
  3142 | D:3      | Found Bikhel Sorph's Jewellery Emporium.
  3152 | D:3      | Found Custrelo's Antique Weapon Shop.
  3154 | D:3      | Found Toskiq's Antique Weapon Shop.
  3182 | D:3      | Killed Ijyb
  3309 | D:3      | Reached XP level 6. HP: 32/32 MP: 9/14
  3395 | D:3      | Found a shimmering altar of Xom.
  3491 | D:4      | Learned a level 4 spell: Flame Wave
  3589 | D:4      | Found a runed translucent door.
  3589 | D:4      | Noticed Farlane's ghost (amateur HOMo)
  3825 | D:4      | Found an opulent altar of Gozag.
  3832 | D:4      | Became a worshipper of Gozag Ym Sagoz the Greedy
  4138 | D:4      | Reached skill level 6 in Fire Magic
  4276 | D:4      | Reached skill level 5 in Spellcasting
  4384 | D:4      | Found an ornate altar of the Wu Jian Council.
  4388 | D:4      | Reached XP level 7. HP: 33/36 MP: 9/16
  4933 | D:5      | Entered Level 5 of the Dungeon
  5525 | D:3      | Bought a potion of haste for 120 gold pieces
  5525 | D:3      | Bought a potion of curing for 36 gold pieces
  5537 | D:5      | Found Wamariu's Weapon Boutique.
  5544 | D:5      | Reached skill level 5 in Conjurations
  5544 | D:5      | Reached skill level 7 in Fire Magic
  5692 | D:5      | Found a sacrificial altar of Ru.
  5752 | D:5      | Reached XP level 8. HP: 38/41 MP: 4/17
  6706 | D:6      | Reached skill level 8 in Fire Magic
  7665 | D:6      | Found a staircase to the Ecumenical Temple.
  8761 | D:6      | Reached skill level 1 in Fighting
  8769 | D:6      | Reached XP level 9. HP: 31/47 MP: 1/19
  9248 | D:3      | Bought a +5 ring of evasion for 432 gold pieces
  9300 | D:7      | Found an iron altar of Okawaru.
  9314 | D:7      | Found a sparkling altar of Nemelex Xobeh.
  9440 | D:7      | Noticed Maggie
  9451 | D:7      | Killed Maggie
  9452 | D:7      | Reached skill level 9 in Fire Magic
  9944 | D:7      | Learned a level 1 spell: Magic Dart
  9948 | D:7      | Learned a level 3 spell: Mephitic Cloud
 10443 | D:7      | Found a white marble altar of Elyvilon.
 11417 | D:8      | Found a blossoming altar of Fedhas.
 11490 | D:8      | Reached skill level 10 in Fire Magic
 11490 | D:8      | Reached XP level 10. HP: 51/54 MP: 5/22
 11771 | D:8      | Noticed Prince Ribbit
 11775 | D:8      | Killed Prince Ribbit
 11776 | D:8      | Reached skill level 5 in Dodging
 11951 | D:3      | Bought an amulet of regeneration for 360 gold pieces
 12542 | D:8      | Noticed a two-headed ogre
 12550 | D:8      | Killed a two-headed ogre
 12841 | D:8      | Found an ancient bone altar of Kikubaaqudgha.
 12933 | D:9      | Noticed a two-headed ogre
 12938 | D:9      | Noticed a death yak
 12944 | D:9      | Killed a two-headed ogre
 13274 | D:9      | Killed a death yak
 13275 | D:9      | Reached skill level 11 in Fire Magic
 13366 | D:9      | Noticed Grum
 13371 | D:8      | Reached skill level 10 in Conjurations
 13462 | D:9      | Noticed Joseph
 13473 | D:9      | Killed Joseph
 13935 | D:9      | Killed Grum
 13937 | D:9      | Reached XP level 11. HP: 60/60 MP: 15/25
 14073 | D:9      | Learned a level 5 spell: Irradiate
 14074 | D:9      | Found a hide-covered altar of Uskayaw.
 14087 | D:9      | Learned a level 3 spell: Ignite Poison
 14805 | D:9      | Found a staircase to the Orcish Mines.
 14840 | D:9      | Noticed a death yak
 14842 | D:9      | Noticed a death yak
 14850 | D:9      | Killed a death yak
 14854 | D:9      | Killed a death yak
 15150 | D:9      | Found a staircase to the Lair.
 15238 | D:9      | Reached skill level 12 in Fire Magic
 15635 | D:9      | Noticed a two-headed ogre
 15642 | D:9      | Killed a two-headed ogre
 15748 | D:9      | Noticed a two-headed ogre
 15760 | D:9      | Killed a two-headed ogre
 16135 | Lair:1   | Entered Level 1 of the Lair of Beasts
 16450 | Lair:1   | Noticed Gastronok
 16467 | Lair:1   | Killed Gastronok
 16468 | Lair:1   | Reached skill level 5 in Fighting
 16468 | Lair:1   | Reached XP level 12. HP: 68/68 MP: 3/27
 16706 | Lair:1   | Found a dark tunnel.
 17057 | Lair:1   | Noticed a death yak
 17057 | Lair:1   | Noticed a death yak
 17058 | Lair:1   | Noticed a death yak
 17070 | Lair:1   | Noticed a death yak
 17074 | Lair:1   | Killed a death yak
 17074 | Lair:1   | Killed a death yak
 17075 | Lair:1   | Reached skill level 10 in Spellcasting
 17079 | Lair:1   | Killed a death yak
 17079 | Lair:1   | Killed a death yak
 17080 | Lair:1   | Reached skill level 13 in Fire Magic
 17888 | Lair:2   | Found a staircase to the Shoals.
 18289 | Lair:2   | Learned a level 4 spell: Anguish
 19142 | Lair:3   | Identified the +0 ring mail "Divoug" {Harm rC+++ Slay-2
                  | SInv}
 19195 | Lair:3   | Reached skill level 1 in Hexes
 19195 | Lair:3   | Reached skill level 1 in Necromancy
 19195 | Lair:3   | Reached skill level 1 in Evocations
 19342 | Lair:3   | Found an ornate altar of the Wu Jian Council.
 19358 | Lair:3   | Noticed a boulder beetle
 19359 | Lair:3   | Found a hide-covered altar of Uskayaw.
 19372 | Lair:3   | Killed a boulder beetle
 19373 | Lair:3   | Reached skill level 1 in Staves
 19538 | Lair:3   | Found a staircase to the Snake Pit.
 20664 | Lair:4   | Noticed a six-headed hydra
 20673 | Lair:4   | Noticed Snorg
 20677 | Lair:4   | Killed a six-headed hydra
 20931 | Lair:4   | Killed Snorg
 20932 | Lair:4   | Reached XP level 13. HP: 74/74 MP: 17/29
 21784 | Lair:4   | Identified the +7 flail "Nicanucw" {holy, Fragile +Blink
                  | rElec}
 22562 | Lair:5   | Entered Level 5 of the Lair of Beasts
 23081 | Lair:5   | Learned a level 8 spell: Ignition
 23439 | Lair:5   | Reached skill level 14 in Fire Magic
 24122 | Lair:5   | Reached skill level 15 in Fire Magic
 24133 | Lair:5   | Reached skill level 16 in Fire Magic
 25453 | Lair:5   | Found a staircase to the Slime Pits.
 25474 | Lair:5   | Reached XP level 14. HP: 80/80 MP: 22/31
 26487 | Orc:1    | Entered Level 1 of the Orcish Mines
 27567 | Orc:1    | Found Istroih's Firing Range.
 27569 | Orc:1    | Found Kotzug's Assorted Antiques.
 27577 | Orc:1    | Bought a glittering bone ring for 110 gold pieces
 27577 | Orc:1    | Identified the ring "Syir" {Ice rN+ Int+3} (You bought it
                  | in a shop on level 1 of the Orcish Mines)
 27577 | Orc:1    | Bought a phantom mirror for 880 gold pieces
 27786 | Orc:1    | Noticed Fannar
 27794 | Orc:1    | Killed Fannar
 27795 | Orc:1    | Reached skill level 17 in Fire Magic
 27988 | Orc:2    | Entered Level 2 of the Orcish Mines
 27988 | Orc:2    | Found Xemn's Jewellery Shop.
 28373 | Orc:2    | Noticed an orc warlord
 28642 | Orc:1    | Killed an orc warlord
 29395 | Orc:2    | Reached skill level 18 in Fire Magic
 29437 | Orc:2    | Found Fufaoni's Antique Armour Shoppe.
 29525 | Orc:2    | Found Xyereo's General Store.
 29533 | Orc:2    | Bought a scroll of blinking for 90 gold pieces
 29533 | Orc:2    | Bought 2 scrolls of teleportation for 72 gold pieces
 29533 | Orc:2    | Bought a potion of cancellation for 96 gold pieces
 30311 | Orc:2    | Found Wahoom's Antique Weapon Shop.
 30315 | Orc:2    | Found a staircase to the Elven Halls.
 30945 | D:10     | Entered Level 10 of the Dungeon
 31003 | D:10     | Found a shadowy altar of Dithmenos.
 31100 | D:10     | Noticed Josephine
 31475 | D:10     | Killed Josephine
 31650 | D:10     | Identified the +0 hat "Hipadwoi" {rCorr Int+6}
 32018 | D:10     | Found a radiant altar of Vehumet.
 33369 | D:11     | Reached skill level 19 in Fire Magic
 35635 | D:13     | Reached XP level 15. HP: 84/84 MP: 28/34
 35797 | D:13     | Found a gate to the Vaults.
 35901 | D:13     | Noticed Sonja
 36421 | D:13     | Killed Sonja
 36685 | D:14     | Found a frozen archway.
 36685 | D:14     | Noticed Nessos
 36691 | D:14     | Killed Nessos
 36856 | IceCv    | Entered an ice cave
 37244 | IceCv    | Reached skill level 20 in Fire Magic
 37369 | IceCv    | Identified the +1 scale mail "Plog" {rN+}
 37897 | IceCv    | HP: 2/84 [ice dragon[an orange crystal statue] (4)]
 37897 | IceCv    | Slain by an ice dragon

Illustrated notes

Levels and vault maps discovered:
D:1:      amcnicky_arrival_flooded_fountain, layout_basic
D:2:      layout_rooms, hellmonk_ecumenical_altar_blasted
D:3:      layout_rooms, xom_butterflies, serial_shops,
          nicolae_shop_competitors_out_of_business, nicolae_shop_dealshenge,
          shop_fountains, nicolae_diamond_shop, uniq_terence, uniq_ijyb
D:4:      layout_loops_corners, nicolae_wu_jian_glorious_leap,
          grunt_gozag_statues, hellmonk_ghost_happy_afterlife,
          amcnicky_mini_rare_corridor_liquid, kennysheep_nub
D:5:      layout_rooms, mainiacjoe_overflow_alcove_1, nicolae_stop_n_shop_1,
          kennysheep_flooded_box, grunt_ministairs_12,
          nicolae_elevator_lobby_asterisk
D:6:      minmay_goblin_kobold_castle, layout_basic,
          minmay_temple_entry_nine_rooms
D:7:      layout_loops_ring, mainiacjoe_overflow_cross_hatched, okawaru_trees_1,
          overflow_temple_1_default, serial_glass, glass_columns_c,
          glass_columns_b, roderic_lattice_a, dreamdust_wishing_well,
          nicolae_concentric_dashed_squares_wild, uniq_maggie
D:8:      layout_loops_cross, marbit_many_paths, fedhas_bush_and_centaur_altar,
          uniq_prince_ribbit1
D:9:      layout_rooms, mainiacjoe_overflow_six_doors_small, dpeg_lair_monsters,
          zombieorc2_lemuel, kennysheep_kite_vault, uniq_grum, uniq_joseph
D:10:     layout_long_grid, grunt_dithmenos_smoke, fiery_altar_vehumet,
          uniq_josephine
D:11:     layout_cave_pools, special_room [special_room_orc]
D:12:     layout_roguey
D:13:     layout_basic, ximxim_vaults_locker_room,
          nicolae_looking_at_the_future, uniq_sonja
D:14:     minmay_the_grid_octo_triangle [minmay_the_grid_octo_tetromino_candy,
          minmay_the_grid_octo_prize_square_snowflake,
          minmay_the_grid_octo_clover_2], layout_basic,
          portal_ice_cave_entry_pillars_four, hangedman_decor_riveting,
          serial_glass, glass_columns_c, glass_columns_c, uniq_nessos,
          uniq_jorgrun, uniq_kirke
Lair:1:   layout_cave_shapes, enter_volcano_3, serial_bayou_shore_b,
          uniq_gastronok
Lair:2:   layout_cave_pods, elwin_shoals_entry_stream,
          infiniplex_staircase_pool_2
Lair:3:   layout_hall_layers, nicolae_snake_entry_warm_welcome,
          nzn_masters_of_martial_movement
Lair:4:   layout_layer_cave, lemuel_fruit_tree, uniq_snorg
Lair:5:   minmay_lair_end_enchanted_forest, layout_layer_cave,
          minmay_slime_entry_jelly_boxes, grunt_megastairs_5
Orc:1:    layout_diamond_mine, serial_shops, nicolae_shop_trees,
          nicolae_shop_firing_range, uniq_fannar
Orc:2:    grunt_orc_gardens, layout_diamond_mine, grunt_orc_garden,
          grunt_orc_garden, grunt_orc_garden, grunt_orc_garden
IceCv:    ice_cave_small_dragons

Skill      XL: |  1  2  3  4  5  6  7  8  9 10 11 12 13 14 15 |
---------------+----------------------------------------------+-----
Fire Magic     | 4 5 6 7 8 10 11 12 13 16 19 20 | 20.0
Shields        | 1 2 3 |  3.7
Conjurations   | 2 3 5 7 8 10 11 12 | 12.9
Spellcasting   | 4 5 7 8 9 10 11 13 14 | 14.7
Fighting       | 1 2 3 5 6 |  6.2
Dodging        | 3 4 6 7 9 |  9.4
Hexes          | 2 3 |  3.8
Necromancy     | 2 3 |  3.4
Evocations     | 2 3 |  3.2
Staves         | 2 |  2.7
Stealth        | |  2.4

Action                     |  1- 3 |  4- 6 |  7- 9 | 10-12 | 13-15 || total
---------------------------+-------+-------+-------+-------+-------++-------
  Melee: Staff             |       |     3 |     9 |    31 |    50 ||    93
  Throw: Dart              |       |       |       |     2 |     3 ||     5
   Cast: Foxfire           |    71 |   104 |   234 |   252 |   266 ||   927
         Scorch            |       |    23 |    27 |    48 |    69 ||   167
         Flame Wave        |       |     1 |    19 |    53 |   101 ||   174
         Inner Flame       |       |       |     8 |    28 |    24 ||    60
         Volatile Blastmot |       |       |     4 |     1 |       ||     5
         Magic Dart        |       |       |     1 |    29 |     9 ||    39
         Mephitic Cloud    |       |       |       |     8 |     5 ||    13
         Ignite Poison     |       |       |       |     7 |     5 ||    12
         Ignition          |       |       |       |       |    72 ||    72
         Anguish           |       |       |       |       |     7 ||     7
  Evoke: Wand              |       |       |       |    15 |       ||    15
    Use: Scroll            |     6 |     5 |     6 |    13 |     4 ||    34
         Potion            |       |     3 |     1 |     2 |     2 ||     8
 Armour: Robe              |     4 |     2 |     3 |       |       ||     9
         Steam dragon scal |       |       |     1 |    33 |   111 ||   145
  Dodge: Dodged            |     2 |     4 |    30 |   125 |   265 ||   426
  Block: Buckler           |       |     4 |     7 |    25 |    72 ||   108
